 Dungeon Crawl Stone Soup version 0.26-a0-1139-g7d2dc893a1 (webtiles) character file.

Game seed: 15494530451708033297

606 HoaS the Cudgeller (level 7, -3/41 HPs)
             Began as a Gargoyle Fighter on Dec 21, 2020.
             Slain by an ogre
             ... wielding a +0 giant club
              (17 damage)
             ... on level 4 of the Dungeon.
             The game lasted 00:08:54 (3589 turns).

HoaS the Cudgeller (Gargoyle Fighter)               Turns: 3589, Time: 00:08:55

Health: -3/41      AC: 17    Str: 21    XL:     7   Next: 42%
Magic:  7/7        EV:  5    Int:  9    God:
Gold:   308        SH: 11    Dex:  9    Spells: 6/6 levels left

rFire    . . .     SeeInvis .   a - +1 flail
rCold    . . .     Faith    .   c - +1 kite shield
rNeg     + . .     Spirit   .   i - +0 chain mail
rPois    ∞         Reflect  .   j - +0 helmet (curse)
rElec    +         Harm     .   (no cloak)
rCorr    .         Rampage  .   (no gloves)
Will     .....                  b - +1 pair of boots
Stlth    ..........             (no amulet)
HPRegen  0.13/turn              (no ring)
MPRegen  0.10/turn              (no ring)

@: no status effects
A: negative energy resistance 1, electricity resistance, unbreathing,
petrification resistance, miasma immunity, AC +4
a: no special abilities


You were on level 4 of the Dungeon.
You visited 1 branch of the dungeon, and saw 5 of its levels.

You collected 308 gold pieces.

Inventory:

Hand Weapons
 a - a +1 flail (weapon)
Armour
 b - a +1 pair of boots (worn)
 c - a +1 kite shield (worn)
 i - a +0 chain mail (worn)
 j - a cursed +0 helmet (worn)
Scrolls
 e - 4 scrolls of enchant weapon
 f - a scroll of teleportation
 h - a scroll of identify
Potions
 d - 2 potions of might
 g - a potion of haste
 k - 2 potions of ambrosia
 m - 3 potions of curing
 n - a potion of attraction


   Skills:
 - Level 3.2 Fighting
 * Level 6.6 Maces & Flails
 - Level 3.2 Armour
 + Level 5.9 Shields


You had 6 spell levels left.
You didn't know any spells.
Your spell library was empty.

Dungeon Overview and Level Annotations

Branches:
Dungeon (5/15)
 Temple: D:4-7

Altars:

Annotations:
D:5 Blork the orc, Sigmund


Innate Abilities, Weirdness & Mutations

You are resistant to torment.
Your stone body is resilient. (AC +4)
You are immune to poison.
You resist negative energy. (rN+)
You are resistant to electric shocks. (rElec)
You can survive without breathing.
You are immune to petrification.
You are immune to miasma.


Message History

You block the bullfrog skeleton's attack.
You block the ogre's attack.
You block the bullfrog skeleton's attack.
You climb upwards.
There is a stone staircase leading down here.
You hit the ogre.
The ogre is lightly wounded.
You block the ogre's attack.
You sock the ogre!
The ogre is severely wounded.
You block the ogre's attack.
You closely miss the ogre.
The ogre is severely wounded.
The ogre hits you with a +0 giant club!
You are too injured to fight recklessly!
You are too injured to fight recklessly!
You hit the ogre.
The ogre is severely wounded.
The ogre hits you with a +0 giant club!
You die...

...........##.##.#
...........##..#.#####
.....................#
.....................#
.....................#
.#########...........#
.# #...........# .#
#.......O...#
.#########......@....#
.##......#...........#
.##.####.#...........#
#......#.#...........#
#.#.#....#...........#
#.#.#.##########.#####
#.#.#.##### #.#
#.#.#.....### #.#
#.#.#.##....# #.#


You could see an ogre.

Vanquished Creatures
  An ogre (D:4)
  3 howler monkeys
  A hound (D:4)
  A jelly (D:3)
  Natasha (thrice) (D:4)
  3 worker ants
  4 gnolls
  8 adders
  2 worms
  A dart slug (D:1)
  6 leopard geckos
  An orc (D:3)
  A ball python (D:3)
  3 giant cockroaches
  11 goblins
  11 hobgoblins
  10 kobolds
  2 quokkas (D:2)
  7 bats
  3 frilled lizards
  A jackal zombie (D:5)
  6 rats
89 creatures vanquished.

Notes
Turn   | Place    | Note
-------+----------+-------------------------------------------
     0 | D:1      | HoaS the Gargoyle Fighter began the quest for the Orb.
     0 | D:1      | Reached XP level 1. HP: 14/14 MP: 1/1
   262 | D:1      | Reached XP level 2. HP: 19/19 MP: 2/2
   460 | D:1      | Reached skill level 3 in Maces & Flails
   463 | D:1      | Reached XP level 3. HP: 22/23 MP: 3/3
  1116 | D:2      | Reached XP level 4. HP: 26/28 MP: 4/4
  1375 | D:2      | Reached skill level 4 in Maces & Flails
  1382 | D:2      | Reached XP level 5. HP: 23/32 MP: 5/5
  2064 | D:3      | Reached skill level 5 in Maces & Flails
  2064 | D:3      | Reached XP level 6. HP: 29/37 MP: 6/6
  2153 | D:3      | Reached skill level 5 in Shields
  2514 | D:4      | Noticed Natasha
  2526 | D:4      | Killed Natasha
  2589 | D:4      | Noticed Natasha
  2594 | D:4      | Killed Natasha
  2635 | D:4      | Noticed Natasha
  2641 | D:4      | Reached skill level 6 in Maces & Flails
  2641 | D:4      | Reached XP level 7. HP: 16/41 MP: 7/7
  2675 | D:4      | Killed Natasha
  3235 | D:5      | Entered Level 5 of the Dungeon
  3466 | D:5      | Noticed Blork the orc
  3466 | D:5      | Noticed Sigmund
  3589 | D:4      | Slain by an ogre

Illustrated notes

Levels and vault maps discovered:
D:1:      minmay_arrival_jagged, layout_basic
D:2:      layout_rooms
D:3:      wad_crossroads, layout_basic
D:4:      layout_basic, uniq_natasha
D:5:      layout_basic, minmay_between, uniq_blork_the_orc, uniq_sigmund

Skill      XL: |  1  2  3  4  5  6 |
---------------+-------------------+-----
Maces & Flails | 3 4 5 6 |  6.6
Shields        | 4 5 |  5.9
Fighting       | |  3.2
Armour         | |  3.2

Action                   |  1- 3 |  4- 6 |  7- 9 || total
-------------------------+-------+-------+-------++-------
Melee: Flail             |   159 |   167 |    83 ||   409
  Use: Scroll            |     7 |     3 |     5 ||    15
Armor: Scale mail        |   104 |    60 |       ||   164
       Chain mail        |       |    32 |    50 ||    82
Dodge: Dodged            |    58 |    42 |    20 ||   120
Block: Kite shield       |    91 |    91 |    47 ||   229

Table legend: (Time is in decaauts)
 A = Elapsed time spent in this place.
 B = Non-inter-level travel time spent in this place.
 C = Inter-level travel time spent in this place.
 D = Time resting spent in this place.
 E = Time spent auto-exploring this place.
 F = Levels seen in this place.
 G = Mean time per level.
                   A        B        C        D        E       F      G
               +--------+--------+--------+--------+--------+-----+--------+
         Total |   3708 |   3637 |     71 |    650 |   2111 |   5 |  741.6 |
       Dungeon |   3708 |   3637 |     71 |    650 |   2111 |   5 |  741.6 |
               +--------+--------+--------+--------+--------+-----+--------+

Top non-repeatable levels by time:
     D:4: 941 daAuts
     D:1: 870 daAuts
     D:3: 846 daAuts
     D:2: 783 daAuts
     D:5: 266 daAuts
